 Dungeon Crawl Stone Soup version 0.19-a0-593-gf2cdb02 (webtiles) character file.

7612 pk666 the Cleaver (level 10, -2/141 HPs)
             Began as a Minotaur Berserker on June 10, 2016.
             Was a High Priest of Trog.
             Slain by a komodo dragon (6 damage)
             ... on level 1 of the Lair of Beasts.
             The game lasted 00:23:20 (7887 turns).

pk666 the Cleaver (Minotaur Berserker)              Turns: 7887, Time: 00:23:21

Health: -2/141     AC: 21    Str: 30    XL:     10   Next: 98%
Magic:  9/9        EV: 13    Int:  4    God:    Trog [*****.]
Gold:   416        SH:  0    Dex: 10    Spells: 0 memorised, 9 levels left

rFire  . . .     SeeInvis .     P - +2 war axe
rCold  . . .     Gourm    .     a - +4 chain mail of the Ancient Souls {Regen+ Stlth+}
rNeg   . . .     Faith    .     (no shield)
rPois  +         Spirit   .     (helmet restricted)
rElec  .         Dismiss  .     s - +0 cloak
rCorr  .         Reflect  .     t - +1 pair of gloves
SustAt .         Harm     .     f - +0 pair of boots
MR     .....                    (no amulet)
Stlth  ..........               F - ring of poison resistance
                                (no ring)

@: berserking, very quick, not resistant to hostile enchantments, extremely
unstealthy
A: retaliatory headbutt, horns 2
a: Berserk, Trog's Hand, Brothers in Arms, Burn Spellbooks, Renounce Religion


You were on level 1 of the Lair of Beasts.
You worshipped Trog.
Trog was extremely pleased with you.
You were not hungry.

You visited 2 branches of the dungeon, and saw 10 of its levels.
You also visited: Sewer.

You collected 531 gold pieces.
You spent 115 gold pieces at shops.

Inventory:

Hand Weapons
 A - a +0 battleaxe
 P - a +2 war axe (weapon)
Armour
 a - the +4 chain mail of the Ancient Souls (worn) {Regen+ Stlth+}
   (You found it on level 6 of the Dungeon)

   It increases your rate of regeneration.
   It makes you more stealthy.
 f - a +0 pair of boots (worn)
 s - a +0 cloak (worn)
 t - a +1 pair of gloves (worn)
Jewellery
 q - an uncursed ring of positive energy {unknown}
 F - a ring of poison resistance (right hand)
 R - an uncursed amulet of the gourmand {unknown}
Wands
 h - a wand of digging (24/24)
 r - a wand of random effects (24/48)
 G - a wand of slowing (16/48)
 J - a wand of acid (6/15)
Scrolls
 g - a scroll of enchant armour
 j - 2 scrolls of recharging
 k - a scroll of fog {unknown}
 l - 2 scrolls of enchant weapon
 n - 4 scrolls of identify
 o - 3 scrolls of teleportation
 v - 2 scrolls of fear
 w - a scroll of magic mapping {unknown}
 y - 4 scrolls of remove curse {unknown}
 D - a scroll of amnesia {unknown}
 K - a scroll of vulnerability {unknown}
 M - 2 scrolls of immolation {unknown}
Potions
 b - a potion of might {unknown}
 d - 2 potions of lignification {unknown}
 e - 5 potions of agility
 i - 9 potions of curing
 m - a potion of ambrosia {unknown}
 p - 2 potions of cure mutation {unknown}
 u - 2 potions of heal wounds
 x - 3 potions of brilliance {unknown}
 z - 2 potions of flight {unknown}
 B - 2 potions of invisibility
 E - 2 potions of resistance {unknown}
Books
 L - a book of the Dragon

   Spells                             Type                      Level
   a - Flame Tongue                   Conjuration/Fire             1
   b - Cause Fear                     Hexes                        4
   c - Bolt of Fire                   Conjuration/Fire             6
   d - Dragon Form                    Transmutation                7
   e - Dragon's Call                  Summoning                    9
   Trog disapproves of the use of such an item.
 Q - a book of Burglary

   Spells                             Type                      Level
   a - Swiftness                      Charms/Air                   2
   b - Passwall                       Transmutation/Earth          2
   c - Passage of Golubria            Translocation                4
   d - Lee's Rapid Deconstruction     Earth                        5
   e - Darkness                       Hexes                        6
   f - Invisibility                   Hexes                        6
   Trog disapproves of the use of such an item.
Comestibles
 c - 6 bread rations
 C - 2 royal jellies
 H - 5 meat rations
 I - 5 beef jerkies
 N - 4 fruits


   Skills:
 + Level 10.5 Fighting
 + Level 10.6 Axes
 + Level 10.3 Armour
 + Level 9.9 Dodging


You had 9 spell levels left.
You didn't know any spells.

Dungeon Overview and Level Annotations

Branches:
Dungeon (9/15)             Temple (0/1) D:5            Lair (1/6) D:9
    Orc: D:9-12

Altars:
Ashenzari
Dithmenos
Elyvilon
Fedhas
Gozag
Hepliaklqana
Kikubaaqudgha
Makhleb
Pakellas
Sif Muna
Trog
Uskayaw
Vehumet
Yredelemnul
Zin

Shops:
D:4 !   D:9 :


Innate Abilities, Weirdness & Mutations

You reflexively headbutt those who attack you in melee.
You have a pair of horns on your head.


Message History

The spiny frog stings you.
* * * LOW HITPOINT WARNING * * *
Unknown command.
You are too injured to fight recklessly!
Unknown command.
You are too injured to fight recklessly!
A red film seems to cover your vision as you go berserk!
You feel yourself moving faster!
You feel mighty!
You feel somewhat more hungry.
The komodo dragon bites you but does no damage.
The spiny frog misses you. The spiny frog stings you!
* * * LOW HITPOINT WARNING * * *
You slash the spiny frog! Your headbutt misses the spiny frog.
The spiny frog is almost dead.
You slash the spiny frog!
The spiny frog is heavily wounded.
You hit the komodo dragon.
The komodo dragon is severely wounded.
The komodo dragon bites you.
You die...

##.## #..# ### ##
##.###.###### ..
#..#......... #.
#.#..........
#..####.#..≈≈≈≈≈≈≈.
#P##..#P##....≈≈≈#≈#≈.
......F.......≈≈#### .
......F@#P..#.≈≈#
.......l...##.≈≈#
#P.##..######.≈≈≈≈ #.
#.. ...... #.. ......
#.. .... #.. #>.


You could see a komodo dragon and 2 spiny frogs.

Vanquished Creatures
  Pikel (D:6)
  Psyche (D:9)
  2 trolls
  Grinder (Sewer)
  Sigmund (D:4)
  7 yaks (D:9)
  Eustachio (D:4)
  3 hippogriffs
  Edmund (D:6)
  4 water moccasins
  Duvessa (D:4)
  3 ice beasts
  A black bear (D:6)
  3 slaves (D:6)
  3 orc warriors
  3 phantoms
  3 centaurs
  An ogre (D:5)
  3 big kobolds
  A crocodile (D:9)
  6 giant frogs
  Dowan (D:4)
  3 scorpions
  7 killer bees
  4 wights (D:9)
  An electric eel (D:6)
  2 howler monkeys
  The ghost of p0werm0de the Sneak, a weakling OpWn (D:3)
  A quasit (Sewer)
  A giant frog zombie (D:8)
  5 hounds
  An orc priest (D:3)
  3 jellies
  A giant frog skeleton (D:8)
  Crazy Yiuf (D:2)
  An iguana (D:6)
  4 orc wizards
  6 worker ants
  A killer bee zombie (D:8)
  A big kobold zombie (Sewer)
  A hound zombie (D:6)
  A hound skeleton (D:4)
  17 adders
  7 gnolls
  3 river rats
  4 shadow imps
  4 ufetubi (Sewer)
  3 oozes
  4 adder zombies
  2 adder skeletons
  2 worms
  3 dart slugs
  7 giant geckos
  28 orcs
  2 ball pythons (D:3)
  3 giant cockroaches (Sewer)
  2 goblins
  4 hobgoblins
  6 jackals
  35 kobolds
  4 quokkas
  8 bats
  A giant gecko zombie (D:6)
  5 giant newts
  A jackal zombie (D:6)
  A quokka zombie (D:5)
  14 rats
  6 fungi (D:9)
273 creatures vanquished.

Vanquished Creatures (others)
  A manticore (D:2)
  A kobold zombie (Sewer)
  4 fungi (D:9)
  A plant (D:9)
7 creatures vanquished.

Grand Total: 280 creatures vanquished

Notes
Turn   | Place    | Note
--------------------------------------------------------------
     0 | D:1      | pk666 the Minotaur Berserker began the quest for the Orb.
     0 | D:1      | Reached XP level 1. HP: 19/19 MP: 0/0
   108 | D:1      | Reached XP level 2. HP: 22/27 MP: 1/1
   547 | D:1      | You fall through a shaft!
   554 | D:2      | Reached ** piety under Trog
   637 | D:2      | Found an oddly glowing altar of Pakellas.
   638 | D:2      | Noticed a manticore
   644 | D:2      | Killed a manticore
   902 | D:2      | Reached XP level 3. HP: 21/33 MP: 2/2
  1070 | D:2      | Noticed Crazy Yiuf
  1074 | D:2      | Killed Crazy Yiuf
  1293 | D:2      | Found a hazy altar of Hepliaklqana.
  1308 | D:2      | Reached XP level 4. HP: 37/41 MP: 3/3
  1762 | D:3      | Noticed p0werm0de's ghost (weakling OpWn)
  1768 | D:3      | Killed p0werm0de's ghost
  1839 | D:3      | Reached XP level 5. HP: 47/47 MP: 4/4
  2009 | D:3      | Reached skill level 5 in Axes
  2027 | D:3      | Found a glowing drain.
  2032 | Sewer    | Entered a sewer
  2150 | Sewer    | Reached *** piety under Trog
  2196 | Sewer    | Reached skill level 5 in Fighting
  2250 | Sewer    | Found a burning altar of Makhleb.
  2263 | Sewer    | Reached XP level 6. HP: 46/56 MP: 5/5
  2353 | Sewer    | Noticed Grinder
  2370 | Sewer    | Killed Grinder
  2370 | Sewer    | Reached XP level 7. HP: 61/62 MP: 6/6
  2470 | Sewer    | Reached skill level 5 in Armour
  2728 | D:3      | Reached skill level 5 in Dodging
  2774 | D:3      | Reached **** piety under Trog
  3113 | D:4      | Noticed Sigmund
  3119 | D:4      | Killed Sigmund
  3217 | D:4      | Noticed Eustachio
  3260 | D:4      | Killed Eustachio
  3260 | D:4      | Reached XP level 8. HP: 65/71 MP: 7/7
  3449 | D:4      | Found a basalt altar of Yredelemnul.
  3735 | D:4      | Noticed Duvessa
  3736 | D:4      | Noticed Dowan
  3742 | D:4      | Killed Duvessa
  3747 | D:4      | Killed Dowan
  3818 | D:4      | Found Ahim's Distillery.
  3824 | D:4      | Bought a potion of mutation for 25 gold pieces
  3824 | D:4      | Bought a potion of degeneration for 10 gold pieces
  3824 | D:4      | Bought a potion of curing for 30 gold pieces
  3824 | D:4      | Bought a potion of heal wounds for 50 gold pieces
  3977 | D:4      | Found a burning altar of Makhleb.
  4341 | D:5      | Entered Level 5 of the Dungeon
  4622 | D:5      | Found a white marble altar of Elyvilon.
  4840 | D:5      | Found a staircase to the Ecumenical Temple.
  4947 | D:6      | Found a bloodstained altar of Trog.
  4968 | D:6      | Got a smoking chain mail
  4979 | D:6      | Identified the +4 chain mail of the Ancient Souls {Regen+ Stlth+} (You found it on level 6 of the Dungeon)
  5001 | D:6      | Noticed Pikel
  5022 | D:6      | Killed Pikel
  5022 | D:6      | Reached XP level 9. HP: 81/81 MP: 8/8
  5127 | D:6      | Found an opulent altar of Gozag.
  5146 | D:6      | Noticed Edmund
  5157 | D:6      | Killed Edmund
  5209 | D:6      | Noticed a dagger
  5209 | D:6      | Found a hide-covered altar of Uskayaw.
  5209 | D:6      | Noticed a dagger
  5269 | D:6      | Reached ***** piety under Trog
  5277 | D:6      | Found a shattered altar of Ashenzari.
  5751 | D:7      | Found a shadowy altar of Dithmenos.
  5821 | D:7      | Found a deep blue altar of Sif Muna.
  6083 | D:7      | Found an ancient bone altar of Kikubaaqudgha.
  6211 | D:7      | Received a gift from Trog
  6344 | D:7      | Reached XP level 10. HP: 91/91 MP: 9/9
  6840 | D:8      | Found a blossoming altar of Fedhas.
  6952 | D:8      | Found a glowing silver altar of Zin.
  6952 | D:8      | Found a radiant altar of Vehumet.
  7143 | D:9      | Reached skill level 10 in Axes
  7249 | D:9      | Reached skill level 10 in Fighting
  7284 | D:9      | Noticed Psyche
  7296 | D:9      | Killed Psyche
  7296 | D:9      | Reached skill level 10 in Armour
  7344 | D:9      | Found a staircase to the Lair.
  7550 | D:9      | Found Ranwiuco's Book Boutique.
  7809 | Lair:1   | Entered Level 1 of the Lair of Beasts
  7877 | Lair:1   | Noticed a spiny frog
  7879 | Lair:1   | Noticed a spiny frog
  7886 | Lair:1   | HP: 3/141 [spiny frog (13)]
  7887 | Lair:1   | Slain by a komodo dragon

Vault maps used:
D:1:      scummos_arrival_simple_crosswalls
D:2:      gammafunk_pakellas_spire_experiment, nicolae_overflow_crystal_walls,
          roderic_lattice_a, kennysheep_nondescript, uniq_crazy_yiuf_cottage
D:3:      portal_sewer_entry_e, saegor_snake_ambush
D:4:      yredelemnul_altar_generic, kennysheep_mini_moat, serial_shops,
          nicolae_shop_temple_entry_statues_fountains, uniq_sigmund,
          uniq_eustachio, uniq_duvessa
D:5:      lemuel_doored_altar, minmay_temple_entry_overgrown, first_bread
D:6:      dancing_weapons_uskayaw, old_standard_altar, old_standard_altar,
          bloody_trog, minmay_crystal_water, uniq_edmund, uniq_pikel
D:7:      lemuel_coloured_pillars_altar, nicolae_dithmenos_the_darkroom,
          overflow_temple_1_default, kennysheep_generic_room_3
D:8:      old_standard_altar, gammafunk_temple_overflow_elements
D:9:      due_lair_maze_entry_diamond, serial_shops, kennysheep_mini,
          uniq_psyche
Lair:1:   lab_entry_generic
Sewer:    kennysheep_sewer_church

Skill      XL: |  1  2  3  4  5  6  7  8  9 10 |
---------------+-------------------------------+-----
Fighting       | 4 5 6 8 9 10 | 10.5
Axes           | 4 5 6 7 8 9 10 | 10.6
Armour         | 3 4 5 7 8 10 | 10.3
Dodging        | 3 4 5 7 8 9 |  9.9

Action                   |  1- 3 |  4- 6 |  7- 9 | 10-12 || total
-------------------------+-------+-------+-------+-------++-------
Melee: Hand axe          |    47 |   113 |   230 |       ||   390
       Headbutt          |     8 |    16 |    63 |    41 ||   128
       War axe           |       |       |   180 |   190 ||   370
Invok: Berserk           |     1 |     3 |     3 |     2 ||     9
       Burn Spellbooks   |       |       |     1 |     1 ||     2
  Use: Scroll            |       |       |     8 |       ||     8
  Eat: Chunk             |     1 |     5 |    13 |     6 ||    25
       Pizza             |     1 |       |       |       ||     1
       Meat ration       |       |       |     1 |       ||     1
Armor: Animal skin       |     9 |       |       |       ||     9
       Ring mail         |     4 |    57 |    99 |       ||   160
       Chain mail        |       |       |   104 |   106 ||   210
Dodge: Dodged            |    30 |   100 |   262 |   120 ||   512
